AoeStats
← SlowBoy

Arabia

504134253Analyzed
1v1 RM · 28d ago on Sep 4, 2026· 31m 8s· 2 players
Game mode
Random Map
Map size
Tiny (2 player)
Population
200
Speed
Normal
Resources
Standard
Victory
Conquest
Starting age
Dark Age
Ending age
Imperial Age
RankedLock teamsTeams togetherTeam positionsShared explorationLock speedFull tech treeHidden civsTurbo modeCheats
Victory
Defeat
🇨🇦 Wei · Canada
1659
+18
🇧🇷 Wei · Brazil
1705
-18
Incredi911
6:33 Loom
8:47 Feudal Age
9:25 Double-Bit Axe
10:14 Horse Collar
14:31 Wheelbarrow
19:19 Castle Age
17:41 Gold Mining
19:54 Bloodlines
19:35 Fletching
20:12 Bodkin Arrow
20:29 Bow Saw
22:56 Padded Archer Armor
23:27 Husbandry
25:27 Gold Shaft Mining
25:28 Town Watch
29:41 Ballistics
30:19 Thumb Ring
30:56 Sanctity
31:03 Scale Barding Armor
SlowBoy
6:38 Loom
9:23 Feudal Age
9:56 Double-Bit Axe
10:19 Horse Collar
15:21 Fletching
17:55 Wheelbarrow
17:33 Gold Mining
22:26 Castle Age
21:05 Padded Archer Armor
21:31 Scale Barding Armor
22:04 Bloodlines
22:06 Forging
22:27 Crossbowman
23:03 Bodkin Arrow
23:27 Husbandry
25:18 Bow Saw
25:52 Heavy Plow
26:11 Town Watch
26:41 Hand Cart
29:08 Light Cavalry
Connection lost

Rejoining the realm…

Still unreachable

The connection could not be restored.

Session expired

The server has moved on; the page needs a fresh start.